 Dungeon Crawl Stone Soup version bcrawl-1.34.4 (webtiles) character file.

Game seed: 10267891259898082375

159834 KristoblXynda the Cutter (level 6, -3/44 HPs)
             Began as a Kobold Gladiator on Oct 21, 2021.
             Slain by Natasha (4 damage)
             ... on level 3 of the Dungeon.
             The game lasted 00:05:15 (2575 turns).

KristoblXynda the Cutter (Kobold Gladiator)         Turns: 2575, Time: 00:05:16

Health: -3/44      AC:  6    Str: 14    XL:     6   Next: 8%
Magic:  6/6        EV: 15    Int:  9    God:
Gold:   164        SH:  0    Dex: 16    Spells: 5/5 levels left

rFire    . . .     SeeInvis .   a - +0 rapier
rCold    . . .     Gourm    .   (shield restricted)
rNeg     + . .     Faith    .   n - +0 ring mail
rPois    .         Spirit   .   c - +0 helmet
rElec    .         Reflect  .   (no cloak)
rCorr    .         Harm     .   (no gloves)
MR       .....     Rnd*Tele +   (no boots)
Stlth    ++........             (no amulet)
HPRegen  0.14/turn              q - ring of positive energy
MPRegen  0.10/turn              i - ring of teleportation (curse)

@: slowed, very slow
A: small, talons 1, carnivore, mutation resistance 1, sense surroundings 2
a: no special abilities


You were on level 3 of the Dungeon.
You were hungry.

You visited 1 branch of the dungeon, and saw 3 of its levels.

You collected 164 gold pieces.

Inventory:

Hand Weapons
 a - a +0 rapier (weapon)
Missiles
 d - 2 throwing nets (quivered) {=f}
Armour
 c - a +0 helmet (worn)
 n - a +0 ring mail (worn)
Jewellery
 i - a cursed ring of teleportation (right hand)
 q - a ring of positive energy (left hand)
Scrolls
 b - a scroll of enchant weapon {unknown}
 m - a scroll of remove curse {unknown}
Potions
 f - a potion of heal wounds
 g - a potion of magic {unknown}
 h - 3 potions of mutation
 j - 3 potions of curing
 k - 2 potions of flight
 l - a potion of might {unknown}
 p - a potion of haste {unknown}
Comestibles
 e - 8 rations {!d}


   Skills:
 + Level 4.4 Fighting
 + Level 5.4 Short Blades
 - Level 3.0 Throwing
 + Level 4.9 Dodging
 + Level 3.3 Stealth


You had 5 spell levels left.
You didn't know any spells.
Your spell library was empty.

Dungeon Overview and Level Annotations

Branches:
Dungeon (3/12)

Altars:
Lugonu
Trog

Annotations:
D:3 Natasha, Sigmund


Innate Abilities, Weirdness & Mutations

You are small and have problems with some larger weapons.
You have sharp toenails.
You are carnivorous and can eat meat at any time.
You are somewhat resistant to further mutation.
You passively map the area around you.


Message History

You miss something. The shadow imp hits you. The crimson imp hits you.
Something barely misses you. The shadow imp completely misses you.
The crimson imp closely misses you.
You hit something. Something claws you.
* * * LOW HITPOINT WARNING * * *
The shadow imp hits you.
* * * LOW HITPOINT WARNING * * *
The crimson imp misses you.
You hit something. You claw something. Something claws you.
* * * LOW HITPOINT WARNING * * *
The shadow imp shouts, "Leave, thou infectious tardy-gaited mule!"
The shadow imp barely misses you.
The crimson imp hits you but does no damage.
Something claws you.
* * * LOW HITPOINT WARNING * * *
You miss something. Your kick misses something.
The shadow imp barely misses you.
The crimson imp shouts, "Take thy face hence, thou foisting folly-fallen bum-bailey!"
The crimson imp misses you. Something claws you.
You die...

#....###.#.....#......#..#
####.......#...#..#...#.##
...#####................##
##..####.#####...........##
..<.@w....................#
....o.....................#
###.....................>.#
**##.....#................#
,,...###........@5........#
,#####*###.....{5.)......##
,,,,,,,,,................#
,,,******#...............#
,,,,,****####....#.......#
,,,,,,,,,,,...##.........#
,,,,,,,,,,...#*#.........#
,**,****,,...,,..........#
,,,,****,,,,,,,,,,,,,,,,,*


You could see a crimson imp and a shadow imp.

Vanquished Creatures
  Terence (D:2)
  Natasha (D:3)
  Robin (D:2)
  3 gnolls (D:2)
  3 adders
  An ooze (D:1)
  3 worms
  4 dart slugs
  2 orcs
  A ball python (D:2)
  4 bats
  3 giant cockroaches
  6 goblins
  7 hobgoblins
  8 jackals
  2 quokkas (D:2)
  4 frilled lizards
  6 kobolds (D:2)
  3 rats (D:1)
63 creatures vanquished.

Notes
Turn   | Place    | Note
-------+----------+-------------------------------------------
     0 | D:1      | KristoblXynda the Kobold Gladiator began the quest for the
                  | Orb.
     0 | D:1      | Reached XP level 1. HP: 16/16 MP: 1/1
    92 | D:1      | Reached XP level 2. HP: 21/21 MP: 2/2
   266 | D:1      | Reached XP level 3. HP: 24/26 MP: 3/3
   269 | D:1      | Reached skill level 1 in Stealth
   882 | D:2      | Noticed Terence
   918 | D:2      | Killed Terence
   919 | D:2      | Reached XP level 4. HP: 18/33 MP: 4/4
  1044 | D:2      | Found a bloodstained altar of Trog.
  1159 | D:2      | Noticed Robin
  1236 | D:2      | Killed Robin
  1333 | D:2      | Reached skill level 5 in Short Blades
  1436 | D:2      | Reached XP level 5. HP: 29/37 MP: 5/5
  2009 | D:2      | Found a corrupted altar of Lugonu.
  2117 | D:3      | Noticed Sigmund
  2414 | D:3      | Noticed Natasha
  2436 | D:3      | Killed Natasha
  2437 | D:3      | Reached XP level 6. HP: 43/44 MP: 6/6
  2549 | D:3      | Noticed Natasha
  2574 | D:3      | HP: 1/44 [something (4)]
  2575 | D:3      | Slain by Natasha

Skill      XL: |  1  2  3  4  5 |
---------------+----------------+-----
Throwing       | 3 |  3.0
Dodging        | 4 |  4.9
Stealth        | 2 3 |  3.3
Short Blades   | 5 |  5.4
Fighting       | 4 |  4.4

Action                   |  1- 3 |  4- 6 || total
-------------------------+-------+-------++-------
Melee: Rapier            |    83 |   145 ||   228
       Kick              |    27 |    40 ||    67
Throw: Throwing net      |     2 |       ||     2
  Use: Scroll            |       |     5 ||     5
 Stab: Sleeping          |     2 |     1 ||     3
       Held in net/web   |     3 |       ||     3
  Eat: Chunk             |     1 |     9 ||    10
Armor: Leather armour    |    14 |    12 ||    26
       Ring mail         |       |     7 ||     7
Dodge: Dodged            |    54 |   140 ||   194
